 Dungeon Crawl Stone Soup version 0.31-a0-986-g5e6e4ef867 (webtiles) character file.

Game seed: 6420811613088597271

1313 LeprechaunX the Changeling (level 8, -2/54 HPs)
             Began as an Octopode Shapeshifter on Nov 10, 2023.
             Slain by an unseen horror (4 damage)
             ... on level 6 of the Dungeon.
             The game lasted 00:07:26 (5547 turns).

LeprechaunX the Changeling (Octopode Shapeshifter)  Turns: 5547, Time: 00:07:27

Health: -2/54      AC:  1    Str: 20    XL:     8   Next: 58%
Magic:  10/10      EV: 18    Int: 12    God:
Gold:   436        SH:  0    Dex: 13    Spells: 7/10 levels left

rFire   . .          .
                       - Unarmed
rCold   + . .        (no shield)
rNeg    . . .        (helmet currently unavailable)
rPois   .            (no amulet)
rElec   .            q - +6 ring of strength
rCorr   .            y - ring of protection from cold
SInv    .            D - +5 ring of evasion
Will    .....        (no ring)
Stlth   ++           (no ring)
HPRegen 0.29/turn    (no ring)
MPRegen 0.12/turn    (no ring)
                     (no ring)

%: no passive effects
@: beast-form
A: beast (slay +3), almost no armour, amphibious, 8 rings, camouflage 1,
gelatinous body 1, (nimble swimmer 1), tentacles
a: Begin Untransformation


You were on level 6 of the Dungeon.
You were a hulking beast.
You visited 1 branch of the dungeon, and saw 6 of its levels.
You also visited: Sewer.

You collected 436 gold pieces.

Inventory:

Hand Weapons
 v - a +0 sling
Missiles
 e - 10 boomerangs (quivered)
 F - 6 javelins
Jewellery
 q - a +6 ring of strength (left tentacle)
 y - a ring of protection from cold (right tentacle)
 D - a +5 ring of evasion (on tentacle)
 E - a +4 ring of protection
Talismans
 b - a beast talisman
 c - a flux talisman
 A - a blade talisman
Wands
 t - a wand of digging (7)
Scrolls
 g - 3 scrolls of fog
 i - 2 scrolls of fear {unknown}
 k - 2 scrolls of amnesia {unknown}
 l - 2 scrolls of noise {unknown}
 n - a scroll of acquirement {unknown}
 o - a scroll of enchant weapon {unknown}
 r - 2 scrolls of teleportation {unknown}
 u - a scroll of silence {unknown}
 w - a scroll of revelation {unknown}
 B - a scroll of blinking {unknown}
 C - 2 scrolls of identify
Potions
 a - a potion of lignification
 d - a potion of ambrosia {unknown}
 f - 2 potions of invisibility
 h - 2 potions of heal wounds {unknown}
 j - 2 potions of mutation
 m - a potion of berserk rage {unknown}
 p - 2 potions of haste
 s - 2 potions of magic {unknown}
 x - 3 potions of curing {unknown}
 z - 2 potions of might


   Skills:
 + Level 4.2 Fighting
 - Level 3.0 Throwing
 - Level 2.0 Dodging
 + Level 5.2 Unarmed Combat
 + Level 1.9 Spellcasting
 + Level 2.1 Ice Magic
 + Level 2.4 Evocations
 * Level 6.2 Shapeshifting


You had 7 spell levels left.
You knew the following spells:

 Your Spells              Type           Power      Damage    Failure   Level
a - Ozocubu's Armour      Ice            6%         N/A       34%         3

Your spell library contained the following spells:

 Spells                   Type           Power      Damage    Failure   Level
 Ensorcelled Hibernation  Hex/Ice        6%         N/A       26%         2
 Jinxbite                 Hex            2%         N/A       38%         2
 Lesser Beckoning         Tloc           2%         N/A       38%         2
 Gell's Gravitas          Tloc           1%         N/A       63%         3
 Teleport Other           Tloc           1%         N/A       63%         3
 Anguish                  Hex/Necr       0%         N/A       95%         4
 Metabolic Englaciation   Hex/Ice        1%         N/A       99%         5
 Simulacrum               Ice/Necr       1%         N/A       100%        6


Dungeon Overview and Level Annotations

Branches:
Dungeon (6/15)              Sewer (visited)
 Temple: D:4-7

Altars:
Cheibriados
Elyvilon
Fedhas
Gozag
Sif Muna
Xom
The Shining One

Annotations:
D:4 1 runed translucent door, soul19's ghost, amateur DsFi


Innate Abilities, Weirdness & Mutations

You are a hulking beast.
Your limbs bulge with bestial killing power. (Slay +3)
You cannot wear most types of armour.
You are amphibious.
You can wear up to eight rings at the same time.
Your skin changes colour to match your surroundings (Stealth+).
Your rubbery body absorbs attacks. (AC +1, EV +1)
((You are camouflaged when in or above water. (Stealth+)))
You have tentacles for arms and can constrict up to eight enemies at once.


Message History

The bullfrog hits you but does no damage.
The bullfrog hits you.
* * * LOW HITPOINT WARNING * * *
You completely miss the bullfrog.
The bullfrog is severely wounded.
The bullfrog hits you.
* * * LOW HITPOINT WARNING * * *
You barely miss the bullfrog.
The bullfrog is severely wounded.
The bullfrog barely misses you.
You smack the bullfrog!
You kill the bullfrog!
Your Ice Magic skill increases to level 2!
You closely miss something. Something hits you but does no damage.
You closely miss the howler monkey.
Your transformation is almost over.
The howler monkey barely misses you.
You closely miss the howler monkey. The howler monkey hits you.
* * * LOW HITPOINT WARNING * * *
You smack the howler monkey!
The howler monkey is severely wounded.
The howler monkey hits you but does no damage.
You smack the howler monkey!
You kill the howler monkey!
Something hits you.
* * * LOW HITPOINT WARNING * * *
Something hits you but does no damage.
You barely miss something. Something hits you.
* * * LOW HITPOINT WARNING * * *
You swing at nothing.
You smack something!
Something hits you but does no damage.
You swing at nothing.
Something hits you but does no damage.
You miss something. Something hits you but does no damage.
You swing at nothing.
Something hits you but does no damage. Something hits you.
* * * LOW HITPOINT WARNING * * *
You hit something.
You feel less wooden.
You turn into a hulking beast.
Something hits you.
You die...

#.# #.# #..#
#.###.###..#
#.###_..'..#
#.###.###..# #.# #.#
#..## ######.###+###...#
#................#
#.###.###..####..#######
#.{h...# #.........
#.####.# ##.#######
#>..$........ #.#
###..#####... #.# ....
... ..... #.. #.##...
...# # #h.. ##.# ....


There were no monsters in sight!

Vanquished Creatures
  Sigmund (D:4)
  A water moccasin (Sewer)
  A black bear (D:5)
  A phantom (D:4)
  Blork the orc (D:5)
  A bullfrog (D:6)
  A howler monkey (D:6)
  2 jellies (D:5)
  3 orc priests
  5 hounds
  A gnoll bouda (D:5)
  A sleepcap (D:5)
  5 orc wizards
  Robin (D:2)
  7 adders
  2 shadow imps (D:6)
  2 white imps (D:5)
  4 ufetubi
  4 worms
  3 dart slugs
  19 orcs
  6 bats
  6 endoplasms
  8 goblins
  8 hobgoblins
  4 jackals
  4 kobolds
  5 quokkas
  7 ball pythons
  2 frilled lizards (D:1)
  4 rats
120 creatures vanquished.

Notes
Turn   | Place    | Note
-------+----------+-------------------------------------------
     0 | D:1      | LeprechaunX the Octopode Shapeshifter began the quest for
                  | the Orb.
     0 | D:1      | Reached XP level 1. HP: 13/13 MP: 1/1
   170 | D:1      | Reached XP level 2. HP: 18/18 MP: 2/2
   907 | D:2      | Reached XP level 3. HP: 23/23 MP: 3/3
  1036 | D:2      | Reached skill level 1 in Throwing
  1047 | D:2      | HP: 1/24 [orc/+4 dagger (7)]
  1050 | D:2      | Reached XP level 4. HP: 2/29 MP: 4/4
  1188 | D:2      | Noticed Robin
  1213 | D:2      | Killed Robin
  2006 | D:3      | Reached skill level 4 in Shapeshifting
  2126 | D:3      | Reached XP level 5. HP: 34/34 MP: 5/5
  2708 | D:4      | Found a white marble altar of Elyvilon.
  2708 | D:4      | Found an opulent altar of Gozag.
  2711 | D:4      | Found a glowing golden altar of the Shining One.
  2715 | D:4      | Found a blossoming altar of Fedhas.
  2719 | D:4      | Found a shimmering altar of Xom.
  2720 | D:4      | Noticed Sigmund
  2729 | D:4      | Killed Sigmund
  2730 | D:4      | Reached XP level 6. HP: 41/41 MP: 6/6
  2733 | D:4      | Noticed soul19's ghost (amateur DsFi)
  2734 | D:4      | Found a runed translucent door.
  2828 | D:4      | Reached skill level 5 in Shapeshifting
  2852 | D:4      | Reached XP level 7. HP: 26/46 MP: 7/7
  3598 | D:4      | Found a shimmering blue altar of Sif Muna.
  3768 | D:5      | Entered Level 5 of the Dungeon
  3776 | D:5      | Learned a level 3 spell: Ozocubu's Armour
  3839 | D:5      | Noticed Blork the orc
  3846 | D:5      | Killed Blork the orc
  3921 | D:5      | Found a glowing drain.
  3967 | Sewer    | Entered a sewer
  4017 | Sewer    | Reached skill level 1 in Evocations
  4161 | D:5      | Reached skill level 1 in Ice Magic
  4177 | D:5      | Reached skill level 1 in Spellcasting
  4177 | D:5      | Reached XP level 8. HP: 52/54 MP: 9/9
  4430 | D:5      | Reached skill level 5 in Unarmed Combat
  4563 | D:5      | Reached skill level 6 in Shapeshifting
  5311 | D:6      | Identified the "Nenuz"
  5491 | D:6      | Found a snail-covered altar of Cheibriados.
  5546 | D:6      | HP: 3/81 [something (4)]
  5547 | D:6      | Slain by an unseen horror

Illustrated notes

Levels and vault maps discovered:
D:1:      nzn_arrival_water_spiral, layout_basic, serial_forest,
          infiniplex_forest_diagonal, infiniplex_forest_clump_curved,
          infiniplex_forest_straight_2, infiniplex_forest_lined_2,
          infiniplex_forest_end_3
D:2:      layout_loops_ring, uniq_robin
D:3:      layout_loops_corners, dreamdust_princess_corridor
D:4:      layout_loops_ring, kennysheep_orc_sif_temple,
          grunt_temple_overflow_open, hellmonk_ghost_happy_afterlife,
          uniq_sigmund
D:5:      kennysheep_spiral_hall, layout_loops_corners,
          cheibrodos_sewer_entry_bend, uniq_blork_the_orc
D:6:      layout_loops_ring, trog_book, lemuel_doored_altar,
          nicolae_ossuary_entry_catacombs, dreamdust_princess_bridge,
          minmay_quadrilaterals, uniq_menkaure, uniq_maggie

Skill      XL: |  1  2  3  4  5  6  7  8 |
---------------+-------------------------+-----
Throwing       | 1 2 3 |  3.0
Fighting       | 2 3 4 |  4.2
Shapeshifting  | 4 5 6 |  6.2
Unarmed Combat | 4 5 |  5.2
Evocations     | 1 2 |  2.4
Ice Magic      | 1 2 |  2.1
Spellcasting   | 1 |  1.9
Dodging        | |  2.0

Action                     |  1- 3 |  4- 6 |  7- 9 || total
---------------------------+-------+-------+-------++-------
  Melee: Unarmed           |    59 |    73 |   131 ||   263
         Tentacles         |    19 |    13 |    20 ||    52
         Constrict         |    16 |    19 |    27 ||    62
         Punch             |     1 |     4 |     4 ||     9
  Throw: Boomerang         |       |     4 |    10 ||    14
    Use: Scroll            |       |       |     4 ||     4
         Potion            |       |       |     1 ||     1
   Stab: Sleeping          |     5 |     4 |     6 ||    15
         Distracted        |       |     1 |       ||     1
 Armour: Skin              |    16 |    26 |    83 ||   125
  Dodge: Dodged            |    19 |    31 |    64 ||   114

Table legend: (Time is in decaauts)
 A = Elapsed time spent in this place.
 B = Non-inter-level travel time spent in this place.
 C = Inter-level travel time spent in this place.
 D = Time resting spent in this place.
 E = Time spent auto-exploring this place.
 F = Levels seen in this place.
 G = Mean time per level.
                   A        B        C        D        E       F      G
               +--------+--------+--------+--------+--------+-----+--------+
         Total |   5525 |   5239 |    286 |    165 |   4134 |   7 |  789.3 |
       Dungeon |   5391 |   5105 |    286 |    165 |   4077 |   6 |  898.5 |
         Sewer |    133 |    133 |      0 |      0 |     57 |   1 |  133.0 |
               +--------+--------+--------+--------+--------+-----+--------+

Top non-repeatable levels by time:
     D:5: 1403 daAuts
     D:4: 1089 daAuts
     D:3: 986 daAuts
     D:1: 847 daAuts
     D:2: 832 daAuts
     D:6: 232 daAuts
   Sewer: 133 daAuts
